 Dungeon Crawl Stone Soup version 0.29.1-2-gbd0b4ee654 (webtiles) character file.

Game seed: 14318540438930224519

536 NinjaNoafa the Shield-Bearer (level 7, -4/78 HPs)
             Began as a Troll Fighter on Nov 17, 2022.
             Was a Follower of Uskayaw.
             Slain by Pikel
             ... wielding a +0 whip of electrocution
              (8 damage)
             ... on level 4 of the Dungeon.
             The game lasted 00:04:05 (2905 turns).

NinjaNoafa the Shield-Bearer (Troll Fighter)        Turns: 2905, Time: 00:04:06

Health: -4/78      AC:  4    Str: 27    XL:     7   Next: 4%
Magic:  6/6        EV:  9    Int: 10    God:    Uskayaw [*.....]
Gold:   212        SH: 10    Dex:  9    Spells: 6/6 levels left

rFire   . . .      SeeInvis .     - Unarmed
rCold   . . .      Faith    .   b - +2 kite shield
rNeg    . . .      Spirit   .   a - +0 robe
rPois   .          Reflect  .   (helmet restricted)
rElec   .          Harm     .   (no cloak)
rCorr   .          Rampage  .   (gloves unavailable)
Will    .....                   (boots unavailable)
Stlth   +.........              (no amulet)
HPRegen 1.03/turn               o - +6 ring of intelligence
MPRegen 0.10/turn               (no ring)

@: mighty, studying Axes
A: large, unfitting armour, claws 3, regeneration 1, shaggy fur 1, tough skin 1,
antennae 1, robust 1
a: Renounce Religion, Stomp


You were on level 4 of the Dungeon.
You worshipped Uskayaw.
Uskayaw was noncommittal.
You visited 1 branch of the dungeon, and saw 4 of its levels.

You collected 212 gold pieces.

Inventory:

Missiles
 e - 6 poisoned darts
 g - 3 large rocks
 h - 5 javelins (quivered)
 k - 61 stones
 t - 4 boomerangs
Armour
 a - a +0 robe (worn)
 b - a +2 kite shield (worn)
Jewellery
 o - a +6 ring of intelligence (left claw)
Scrolls
 d - 2 scrolls of fog
 p - 2 scrolls of identify
 r - a scroll of enchant weapon {unknown}
 s - a scroll of acquirement {unknown}
 u - a scroll of fear {unknown}
 v - a scroll of amnesia
Potions
 f - a potion of curing
 l - 2 potions of magic
 q - a potion of mutation


   Skills:
 + Level 4.3 Fighting
 + Level 4.3 Dodging
 + Level 4.7 Shields
 - Level 2.0 Unarmed Combat


You had 6 spell levels left.
You didn't know any spells.
Your spell library contained the following spells:

 Spells                   Type           Power      Damage    Failure   Level
 Gell's Gravitas          Tloc           0%         N/A       95%         3
 Teleport Other           Tloc           0%         N/A       95%         3
 Dispersal                Tloc           0%         N/A       100%        6


Dungeon Overview and Level Annotations

Branches:
Dungeon (4/15)
 Temple: D:4-7

Altars:
Dithmenos
Hepliaklqana
Uskayaw

Annotations:
D:4 Pikel


Innate Abilities, Weirdness & Mutations

You are too large for most types of armour.
You have claws for hands.
Your natural rate of healing is unusually fast.
You are covered in fur. (AC +1)
You have tough skin. (AC +1)
You have a pair of small antennae on your head.
You are robust. (+10% HP)


Message History

Pikel closely misses you. The lemure hits you.
* * * LOW HITPOINT WARNING * * *
The lemure hits you.
* * * LOW HITPOINT WARNING * * *
You block Pikel's attack. The lemure barely misses you.
Pikel hits you with a +0 whip of electrocution.
* * * LOW HITPOINT WARNING * * *
Pikel attacks as you move away! Pikel barely misses you.
As you read the scroll of enchant armour, it crumbles to dust.
Your +1 kite shield glows green for a moment.
Pikel waves his whip at you. You block the lemure's attack.
Pikel barely misses you. Pikel attacks as you move away!
You block Pikel's attack. The lemure attacks as you move away!
The lemure hits you.
* * * LOW HITPOINT WARNING * * *
Pikel hits you but does no damage.
As you read the scroll labelled UCLAGG AROER, it crumbles to dust.
You feel aware of your surroundings.
You sensed 1 altar.
It was a scroll of magic mapping.
You block the lemure's attack.
Pikel hits you with a +0 whip of electrocution.
* * * LOW HITPOINT WARNING * * *
The lemure attacks as you move away! The lemure barely misses you.
Pikel attacks as you move away! You block Pikel's attack.
Pikel hits you with a +0 whip of electrocution.
* * * LOW HITPOINT WARNING * * *
As you read the scroll labelled RAERYR LULIZOTH, it crumbles to dust.
It is a scroll of brand weapon.
You aren't carrying any weapons that can be branded.
Pikel closely misses you.
As you read the scroll labelled CAITWY IMUSM, it crumbles to dust.
It is a scroll of amnesia.
You feel forgetful for a moment. Pikel barely misses you.
You block Pikel's attack.
As you read the scroll labelled ZUFY TUENTA, it crumbles to dust.
You hear a loud clanging noise!
It was a scroll of noise.
The lemure hits you.
* * * LOW HITPOINT WARNING * * *
Pikel hits you with a +0 whip of electrocution!
You die...

...#.#####......# *,,,,,,,*
####.#####.####.##### *,,,,,,,*
.........#.# #.....# *,,,,,,,*
####.###.#.####.....#####.,,,,,,*
.........)................,,,,,,,
...#.....#.####..#########*******
...#######.....55#,,,,*,,,*,,*,*,
...##.........{#K#,,,,,,,,*,,,,*,
.#..#.########.#@#,,,*,,,,,,,,,*,
.#..#.# #....5.#**,,,,,,*,*,,*,
.#....#####......#,,,,*,,,,,,,,,,
.##......##......#**,,,,,,~~,~~,,
.#######.##......#,,*,,,,~~~,~~~,
## ###.##....[.#,,**,,~~~~,~~~~
#...........#,*,,,~~~~~,~~~~
#.#..#......#*,,,,~~~~,,,~~~
###.##........#,,,,,~~~~,_,~~~


You could see Pikel (fast) and 3 lemures.

Vanquished Creatures
  A water moccasin (D:4)
  A phantom (D:4)
  A gnoll sergeant (D:4)
  A bullfrog (D:4)
  A killer bee (D:4)
  2 iguanas (D:4)
  6 adders
  A worm (D:2)
  3 orcs
  8 ball pythons
  6 bats
  6 endoplasms
  4 giant cockroaches
  7 goblins
  5 hobgoblins
  7 jackals
  6 kobolds
  A quokka (D:4)
  7 frilled lizards
  5 rats
79 creatures vanquished.

Vanquished Creatures (others)
  5 plants (D:4)
5 creatures vanquished.

Grand Total: 84 creatures vanquished

Notes
Turn   | Place    | Note
-------+----------+-------------------------------------------
     0 | D:1      | NinjaNoafa the Troll Fighter began the quest for the Orb.
     0 | D:1      | Reached XP level 1. HP: 22/22 MP: 0/0
    65 | D:1      | Found a faded altar of an unknown god.
    70 | D:1      | Reached XP level 2. HP: 28/29 MP: 1/1
   543 | D:2      | Reached XP level 3. HP: 36/36 MP: 2/2
   579 | D:2      | Found a hide-covered altar of Uskayaw.
   587 | D:2      | Became a worshipper of Uskayaw the Reveller
   621 | D:2      | Reached * piety under Uskayaw
   763 | D:2      | Reached ** piety under Uskayaw
  1121 | D:2      | Reached XP level 4. HP: 31/45 MP: 3/3
  1191 | D:2      | You fall into a shaft and drop 1 floor!
  1250 | D:3      | Found a shadowy altar of Dithmenos.
  2399 | D:4      | Found a hazy altar of Hepliaklqana.
  2473 | D:4      | Reached XP level 5. HP: 45/53 MP: 4/4
  2548 | D:4      | Noticed a phantom
  2562 | D:4      | Killed a phantom
  2598 | D:4      | Noticed a water moccasin
  2605 | D:4      | Gained mutation: You are robust. (+10% HP) [potion of
                  | mutation]
  2605 | D:4      | Gained mutation: You have a pair of small antennae on your
                  | head. [potion of mutation]
  2614 | D:4      | Reached XP level 6. HP: 14/68 MP: 5/5
  2626 | D:4      | Reached *** piety under Uskayaw
  2629 | D:4      | Killed a water moccasin
  2629 | D:4      | Reached **** piety under Uskayaw
  2634 | D:4      | Reached XP level 7. HP: 24/78 MP: 1/6
  2884 | D:4      | Noticed Pikel
  2896 | D:4      | HP: 3/78 [Pikel/+0 whip of electrocution (6)]
  2901 | D:4      | HP: 3/78 [Pikel/+0 whip of electrocution (4)]
  2905 | D:4      | Slain by Pikel

Illustrated notes

Levels and vault maps discovered:
D:1:      minmay_arrival_semitransparent, layout_basic,
          hellmonk_ecumenical_altar_run_dry, minmay_tall_x
D:2:      kb_forest_paths, layout_basic, basic_altar, serial_aquarium,
          aquarium_bridge_square [aquarium_subvault_wall,
          aquarium_subvault_wall, aquarium_subvault_bridge,
          aquarium_subvault_bridge], aquarium_window_corridor_3,
          aquarium_window_corner, aquarium_view_2e, aquarium_view_2b,
          aquarium_pool_1, grunt_decor_arrowhead, minmay_split_cup_large
D:3:      layout_loops_corners, grunt_dithmenos_smoke, small_statue_intersection
D:4:      layout_basic, nicolae_hepliaklqana_hazy_memory, tgw_fedhas,
          minmay_manual_mail, uniq_pikel

Skill      XL: |  1  2  3  4  5  6 |
---------------+-------------------+-----
Shields        | 3 4 |  4.7
Fighting       | 3 4 |  4.3
Dodging        | 3 4 |  4.3
Unarmed Combat | |  2.0

Action                   |  1- 3 |  4- 6 |  7- 9 || total
-------------------------+-------+-------+-------++-------
Melee: Unarmed           |   144 |   106 |    13 ||   263
Throw: Javelin           |     4 |     1 |     2 ||     7
Invok: Line Pass         |       |     1 |       ||     1
  Use: Potion            |       |     9 |     3 ||    12
       Scroll            |       |     3 |     5 ||     8
 Stab: Sleeping          |     2 |       |       ||     2
       Paralysed         |       |     1 |       ||     1
Armor: Robe              |    61 |    32 |     6 ||    99
Dodge: Dodged            |    63 |    45 |    14 ||   122
Block: Kite shield       |    74 |    49 |    14 ||   137
